 Dungeon Crawl Stone Soup version 0.29.1-12-g30fa7ad0bf (webtiles) character file.

Game seed: 16497514733513896021

60 KittyFluff the Trooper (level 4, -1/29 HPs)
             Began as a Gargoyle Berserker on Jan 1, 2023.
             Was a Believer of Trog.
             Killed from afar by Sigmund (8 damage)
             ... with a magic dart
             ... on level 2 of the Dungeon.
             The game lasted 00:06:50 (1906 turns).

KittyFluff the Trooper (Gargoyle Berserker)         Turns: 1906, Time: 00:06:50

Health: -1/29      AC:  8    Str: 21    XL:     4   Next: 6%
Magic:  4/4        EV: 11    Int:  7    God:    Trog [**....]
Gold:   105        SH:  0    Dex: 11    Spells: 3/3 levels left

rFire   . . .      SeeInvis .   a - +0 mace
rCold   . . .      Faith    .   (no shield)
rNeg    + . .      Spirit   .   m - +0 leather armour
rPois   ∞          Reflect  .   k - +0 helmet
rElec   +          Harm     .   (no cloak)
rCorr   .          Rampage  .   (no gloves)
Will    .....                   (no boots)
Stlth   +.........              (no amulet)
HPRegen 0.09/turn               (no ring)
MPRegen 0.09/turn               (no ring)

@: confused
A: sickness immunity, AC +3, negative energy resistance 1, electricity
resistance, torment resistance 1, petrification resistance
a: Renounce Religion, Berserk, Trog's Hand


You were on level 2 of the Dungeon.
You worshipped Trog.
Trog was pleased with you.
You visited 1 branch of the dungeon, and saw 2 of its levels.

You collected 105 gold pieces.

Inventory:

Hand Weapons
 a - a +0 mace (weapon)
 l - a +0 sling
Missiles
 h - 27 stones (quivered)
Armour
 k - a +0 helmet (worn)
 m - a +0 leather armour (worn)
Scrolls
 d - 4 scrolls of identify {unknown}
 g - a scroll of butterflies {unknown}
 j - a scroll of magic mapping {unknown}
Potions
 c - 2 potions of attraction {unknown}
 e - 2 potions of flight {unknown}
 f - 3 potions of curing {unknown}
 i - a potion of resistance {unknown}


   Skills:
 + Level 4.2 Fighting
 + Level 3.5 Maces & Flails
 * Level 2.5 Armour
 + Level 2.0 Dodging
 + Level 0.7 Stealth


You had 3 spell levels left.
You didn't know any spells.
Your spell library was empty.

Dungeon Overview and Level Annotations

Branches:
Dungeon (2/15)

Altars:

Annotations:
D:2 Sigmund


Innate Abilities, Weirdness & Mutations

You are immune to sickness and miasma.
Your stone body is resilient. (AC +3)
You are immune to poison.
You resist negative energy. (rN+)
You are resistant to electric shocks. (rElec)
You are resistant to unholy torment.
You are immune to petrification.


Message History

Trog accepts your kill.
You start resting.
HP restored.
Found a fuming clear potion.
f - 2 fuming clear potions (gained 1)
Found 9 gold pieces.
f - 3 fuming clear potions (gained 1)
You now have 105 gold pieces (gained 9).
Found a stone staircase leading down.
There is a stone staircase leading down here.
Found 24 gold pieces.
Sigmund the Dreaded comes into view.
He is wielding a +0 scythe and carrying a wand of digging (3).
Sigmund shouts!
Sigmund zaps a wand.
You hear a grinding noise.
Sigmund casts a spell.
Sigmund flickers and vanishes!
Deactivating autopickup; reactivate with Ctrl-A.
Something hits you.
There is a stone staircase leading down here.
You hear a zap.
Some rock shatters into small pieces.
You are confused.
You bump into the rock wall.
You hear some strange, mumbled words.
You are more confused.
You bump into the rock wall.
You hear some strange, mumbled words.
A puff of flame appears from out of thin air!
The puff of flame hits you but does no damage.
You closely miss something. Something hits you.
You miss something. Something hits you but does no damage.
You bump into the rock wall.
Something hits you.
You completely miss something. Something hits you!
* * * LOW HITPOINT WARNING * * *
You hear some strange, mumbled words.
A magic dart appears from out of thin air!
The magic dart hits you!
You die...

##+####+###...##.##.# #.####
##.#.#####.# .
#....#.##..#.......####
..##....#.##.####........###
#...$...#.##....+...........
.$......#.##..###........###
........#.....# ##'#........
........#.###.## #.#........
......#....@...###'##.......
.........>.{..##............
....###.########............
.... ###.###################
... #....'.....#...........
.. #....#####.#.#########.
#....#.....#...))#.....
#....#.#########.#.####
#....#...........#.....


There were no monsters in sight!

Vanquished Creatures
  Robin (D:2)
  5 endoplasms
  2 giant cockroaches (D:1)
  2 hobgoblins (D:2)
  7 jackals
  A quokka (D:2)
  4 ball pythons
  4 bats
  2 frilled lizards (D:2)
  8 goblins
  4 kobolds
  3 rats (D:1)
43 creatures vanquished.

Notes
Turn   | Place    | Note
-------+----------+-------------------------------------------
     0 | D:1      | KittyFluff the Gargoyle Berserker began the quest for the
                  | Orb.
     0 | D:1      | Reached XP level 1. HP: 14/14 MP: 1/1
   205 | D:1      | Found a faded altar of an unknown god.
   369 | D:1      | Reached XP level 2. HP: 18/20 MP: 2/2
   923 | D:1      | Reached skill level 4 in Fighting
   923 | D:1      | Reached XP level 3. HP: 20/24 MP: 3/3
  1246 | D:2      | Reached ** piety under Trog
  1454 | D:2      | Noticed Robin
  1460 | D:2      | Killed Robin
  1473 | D:2      | Reached XP level 4. HP: 20/29 MP: 4/4
  1884 | D:2      | Noticed Sigmund
  1906 | D:2      | Killed from afar by Sigmund

Illustrated notes

Levels and vault maps discovered:
D:1:      zelgadis_glass_arrival_large, layout_basic,
          hellmonk_ecumenical_altar_run_dry
D:2:      layout_basic, roderic_serpentine_path, uniq_robin, uniq_sigmund

Skill      XL: |  1  2  3  4 |
---------------+-------------+-----
Fighting       | 4 |  4.2
Dodging        | 2 |  2.0
Maces & Flails | |  3.5
Armour         | |  2.5
Stealth        | |  0.7

Action                   |  1- 3 |  4- 6 || total
-------------------------+-------+-------++-------
Melee: Mace              |   121 |    17 ||   138
       Punch             |     2 |       ||     2
Armor: Animal skin       |    50 |       ||    50
       Leather armour    |       |    13 ||    13
Dodge: Dodged            |    91 |    23 ||   114
